 Dungeon Sprint DCSS version 0.31-a0-524-g2a164cf6a2 (webtiles) character file.

Game seed: 8821162906337335397

964 Conn the Arsonist (level 10, -2/66 HPs)
             Began as an Octopode Fire Elementalist on Aug 12, 2023.
             Was a High Priest of Sif Muna.
             Killed from afar by a naga mage (33 damage)
             ... with a bolt of poison
             ... in the Dungeon (Sprint VI: "Thunderdome").
             The game lasted 00:13:38 (971 turns).

Conn the Arsonist (Octopode Fire Elementalist)       Turns: 971, Time: 00:13:45

Health: -2/66      AC:  2    Str: 26    XL:     10   Next: 74%
Magic:  2/35       EV: 19    Int: 19    God:    Sif Muna [*****.]
Gold:   10         SH:  0    Dex: 28    Spells: 10/34 levels left

rFire   + + +        o - +0 scythe
rCold   + . .        (shield currently unavailable)
rNeg    + + +        v - +1 hat of the Mangosteen {Str+4}
rPois   .            k - amulet of Miveuc {rC+ Regen+ Str+3 Dex+4}
rElec   +            l - ring "Etrokh" {rElec Str+6 Stlth+}
rCorr   .            m - ring "Uzoolots" {Fire MP+9}
SInv    +            n - ring of Gogy {rN+ Str+4 SInv}
Will    ++...        p - ring of Xusoirch {rF+ Dex+6 Stlth+}
Stlth   ++++++++     r - ring "Zaorian" {rC+ rN+ Int-2 Dex+6}
HPRegen 1.11/turn    s - ring "Laegaff" {+Blink Will+ Str+2 Dex-5 Stlth+}
MPRegen 0.24/turn    t - ring "Ahuxeigh" {rN++ Will+}
                     u - ring of Mefeapp {rF+ rN+ Dex+3}

%: no teleportation
@: lethally poisoned (-2 -> -30), slightly contaminated
A: almost no armour, amphibious, 8 rings, camouflage 1, gelatinous body 1,
(nimble swimmer 1), tentacles
}: 1/15 runes: decaying
a: Renounce Religion, Evoke Blink, Channel Magic, Forget Spell, Divine Exegesis


You were in the Dungeon.
You worshipped Sif Muna.
Sif Muna was extremely pleased with you.
You visited 1 branch You collected 1150 gold pieces.
You spent 1140 gold pieces at shops.

Inventory:

Hand Weapons
 o - a +0 scythe (weapon)
Armour
 v - the +1 hat of the Mangosteen (worn) {Str+4}
   (You bought it in a shop in the Dungeon)

   Str+4:     It affects your strength (+4).
Jewellery
 k - the amulet of Miveuc (around mantle) {rC+ Regen+ Str+3 Dex+4}
   (You bought it in a shop in the Dungeon)

   [amulet of regeneration]

   Str+3:     It affects your strength (+3).
   Dex+4:     It affects your dexterity (+4).
   rC+:       It protects you from cold.
   Regen+:    It increases your rate of health regeneration.
 l - the ring "Etrokh" (left tentacle) {rElec Str+6 Stlth+}
   (You bought it in a shop in the Dungeon)

   [ring of strength]

   Str+6:     It affects your strength (+6).
   rElec:     It insulates you from electricity.
   Stlth+:    It makes you more stealthy.
 m - the ring "Uzoolots" (right tentacle) {Fire MP+9}
   (You bought it in a shop in the Dungeon)

   [ring of fire]

   Fire:      It enhances your fire magic.
   rF+:       It protects you from fire.
   rC-:       It makes you vulnerable to cold.
   MP+9:      It affects your magic capacity (+9).
 n - the ring of Gogy (on tentacle) {rN+ Str+4 SInv}
   (You bought it in a shop in the Dungeon)

   [ring of positive energy]

   Str+4:     It affects your strength (+4).
   rN+:       It protects you from negative energy.
   SInv:      It lets you see invisible.
 p - the ring of Xusoirch (on tentacle) {rF+ Dex+6 Stlth+}
   (You bought it in a shop in the Dungeon)

   [ring of dexterity]

   Dex+6:     It affects your dexterity (+6).
   rF+:       It protects you from fire.
   Stlth+:    It makes you more stealthy.
 q - the ring "Justawan" {rElec rF+ Will- Int+4 SInv}
   (You bought it in a shop in the Dungeon)

   [ring of protection from fire]

   Int+4:     It affects your intelligence (+4).
   rF+:       It protects you from fire.
   rElec:     It insulates you from electricity.
   Will-:     It decreases your willpower.
   SInv:      It lets you see invisible.
 r - the ring "Zaorian" (on tentacle) {rC+ rN+ Int-2 Dex+6}
   (You bought it in a shop in the Dungeon)

   [ring of dexterity]

   Int-2:     It affects your intelligence (-2).
   Dex+6:     It affects your dexterity (+6).
   rC+:       It protects you from cold.
   rN+:       It protects you from negative energy.
 s - the ring "Laegaff" (on tentacle) {+Blink Will+ Str+2 Dex-5 Stlth+}
   (You bought it in a shop in the Dungeon)

   [ring of willpower]

   Str+2:     It affects your strength (+2).
   Dex-5:     It affects your dexterity (-5).
   Will+:     It increases your willpower.
   +Blink:    It lets you blink.
   Stlth+:    It makes you more stealthy.
 t - the ring "Ahuxeigh" (on tentacle) {rN++ Will+}
   (You bought it in a shop in the Dungeon)

   [ring of willpower]

   rN++:      It greatly protects you from negative energy.
   Will+:     It increases your willpower.
 u - the ring of Mefeapp (on tentacle) {rF+ rN+ Dex+3}
   (You bought it in a shop in the Dungeon)

   [ring of protection from fire]

   Dex+3:     It affects your dexterity (+3).
   rF+:       It protects you from fire.
   rN+:       It protects you from negative energy.
Wands
 g - a wand of quicksilver (6)
 h - a wand of roots (4)
Scrolls
 f - 7 scrolls of blinking
 i - 3 scrolls of fog
Potions
 a - 2 potions of magic
 b - a potion of curing
 c - 3 potions of heal wounds
 d - 4 potions of haste
 e - a potion of berserk rage
 j - a potion of resistance


   Skills:
 * Level 5.1 Fighting
 + Level 6.0 Dodging
 - Level 6.7 Stealth
 * Level 12.5 Spellcasting
 * Level 8.0 Conjurations
 + Level 1.0 Hexes
 * Level 0.7 Summonings
 + Level 13.6 Fire Magic
 * Level 8.5 Air Magic
 * Level 2.3 Invocations
 + Level 0.3 Evocations


You had 10 spell levels left.
You knew the following spells:

 Your Spells              Type           Power      Damage    Failure   Level
a - Foxfire               Conj/Fire      100%       2x1d9     1%          1
b - Scorch                Fire           100%       2d9       1%          2
c - Inner Flame           Hex/Fire       56%        N/A       1%          3
d - Flame Wave            Conj/Fire      68%        2d15      1%          4
e - Airstrike             Air            22%        2d(4-20)  1%          4
f - Plasma Beam           Fire/Air       34%        2x1d47    10%         6
g - Summon Ice Beast      Ice/Summ       13%        N/A       45%         4

Your spell library contained the following spells:

 Spells                   Type           Power      Damage    Failure   Level
 Poisonous Vapours        Pois/Air       56%        N/A       1%          2
 Static Discharge         Conj/Air       86%        2-6/arc   1%          2
 Volatile Blastmotes      Fire/Tloc      100%       2d18      1%          3
 Sticky Flame             Conj/Fire      68%        2d8       1%          4
 Dazzling Flash           Conj/Hex       58%        N/A       2%          3
 Leda's Liquefaction      Hex/Erth       6%         N/A       43%         4
 Animate Dead             Necr           11%        N/A       50%         4
 Manifold Assault         Tloc           11%        N/A       50%         4
 Petrify                  Tmut/Erth      11%        N/A       50%         4


Dungeon Overview and Level Annotations

Branches:
Dungeon (1/1)

Altars:
Cheibriados
Dithmenos
Fedhas
Gozag
Kikubaaqudgha
Makhleb
Okawaru
Qazlal
Ru
Sif Muna
Trog
Uskayaw
Vehumet
Wu Jian
Xom
Yredelemnul
Zin
The Shining One
Lugonu

Shops:
D *[=??*?*:[((!!!!


Innate Abilities, Weirdness & Mutations

You cannot wear most types of armour.
You are amphibious.
You can wear up to eight rings at the same time.
Your skin changes colour to match your surroundings (Stealth+).
Your rubbery body absorbs attacks. (AC +1, EV +1)
((You are camouflaged when in or above water. (Stealth+)))
You have tentacles for arms and can constrict up to eight enemies at once.


Message History

Press: ? - help, Dir - move target
As you read the scroll of blinking, it crumbles to dust.
You feel less invigorated.
Casting: Plasma Beam (quite dangerous; 10% risk of failure)
Confirm with . or Enter, or press ? or * to list all spells.
Casting: Plasma Beam (quite dangerous; 10% risk of failure)
Press: ? - help, Dir - look around, f - activate You feel a surge of power!
The bolt of lightning misses the black mamba.
The bolt of lightning hits the naga mage.
The naga mage is severely wounded.
The fiery plasma hits the black mamba!!
The black mamba is heavily wounded.
The fiery plasma hits the naga mage.
The naga mage is almost dead.
The black mamba bites you but does no damage.
Casting: Plasma Beam (quite dangerous; 10% risk of failure)
Confirm with . or Enter, or press ? or * to list all spells.
Casting: Plasma Beam (quite dangerous; 10% risk of failure)
Press: ? - help, Dir - look around, f - activate You feel a surge of power!
You miscast Plasma Beam.
You are caught in an explosion of electrical discharges.
You resist.
The black mamba no longer looks unusually toxic.
The black mamba barely misses you. The black mamba completely misses you.
Casting: Plasma Beam (quite dangerous; 10% risk of failure)
Confirm with . or Enter, or press ? or * to list all spells.
Casting: Plasma Beam (quite dangerous; 10% risk of failure)
Press: ? - help, Dir - look around, f - activate You feel a surge of power!
You miscast Plasma Beam.
You are lightly contaminated with residual magic.
You are blasted with fire.
You resist. The black mamba bites you.
You are poisoned.
The black mamba poisons you!
The naga mage gestures at you while chanting.
The bolt of poison hits the black mamba.
The bolt of poison hits you!!
You are more poisoned.
Ouch! That really hurt!
You die...

#_........# #_..)...._#
###...s.....### #⌠.....).[.).⌠#
######.8.........8.######
##∩[_...[...###÷....)___∩##
###∩..[.†...8.# #.8........∩###
##.............###.............#
#⌠..........###@..###.)...[....⌠
#⌠†.........# #S<.# #..........⌠
#⌠..........###...###..........⌠
##†............###.............#
###∩........8N# #.8........∩###
##∩___......###......___∩##
######.8.........8.######
#⌠...........⌠# ###.........###


You could see a black mamba and a naga mage (fast).

Vanquished Creatures
  A wizard (D)
  2 steelbarb worms (D)
  A wolf spider (D)
  A cane toad (D)
  A tarantella (D)
  A blink frog (D)
  2 jumping spiders (D)
  Sigmund (D)
  A redback (D)
  An ogre (D)
  4 bullfrogs (D)
  A hound (D)
  2 jellies (D)
  7 orc priests (D)
  Jessica (D)
  5 endoplasms (D)
  A frilled lizard (D)
33 creatures vanquished.

Vanquished Creatures (others)
  107 foxfires (D)
107 creatures vanquished.

Grand Total: 140 creatures vanquished

Notes
Turn   | Place    | Note
-------+----------+-------------------------------------------
     0 | D        | Conn the Octopode Fire Elementalist began the quest for the
                  | Orb.
     0 | D        | Reached XP level 1. HP: 11/11 MP: 3/3
     1 | D        | Found an ancient bone altar of Kikubaaqudgha.
     2 | D        | Found an ornate altar of the Wu Jian Council.
     2 | D        | Found a corrupted altar of Lugonu.
     3 | D        | Found a bloodstained altar of Trog.
     4 | D        | Found Ryquk's Timeless Talismans.
     4 | D        | Found a hide-covered altar of Uskayaw.
     4 | D        | Found a stormy altar of Qazlal.
     4 | D        | Found Foduzir's Identification Station.
     5 | D        | Found Pefur's Jewellery.
     5 | D        | Found Pytuago's Advanced Armour.
     5 | D        | Round 1.
    16 | D        | Bought a bound steel amulet for 45 gold pieces
    16 | D        | Identified the amulet of Miveuc {rC+ Regen+ Str+3 Dex+4}
                  | (You bought it in a shop in the Dungeon)
    16 | D        | Bought a bound tin ring for 45 gold pieces
    16 | D        | Identified the ring "Etrokh" {rElec Str+6 Stlth+} (You
                  | bought it in a shop in the Dungeon)
    16 | D        | Bought a coiled brass ring for 45 gold pieces
    16 | D        | Identified the ring "Uzoolots" {Fire MP+9} (You bought it
                  | in a shop in the Dungeon)
    16 | D        | Bought an ancient platinum ring for 45 gold pieces
    16 | D        | Identified the ring of Gogy {rN+ Str+4 SInv} (You bought it
                  | in a shop in the Dungeon)
    28 | D        | Found a basalt altar of Yredelemnul.
    29 | D        | Found a glowing golden altar of the Shining One.
    30 | D        | Found Nofuhyj's Premium Goods.
    31 | D        | Found Dyabyip's Miscellaneous Merchandise.
    31 | D        | Found Usmoom's Basic Armour.
    32 | D        | Found a sacrificial altar of Ru.
    32 | D        | Found a radiant altar of Vehumet.
    32 | D        | Found an iron altar of Okawaru.
    32 | D        | Found Iro Jei's Weapon Rack.
    38 | D        | Found an opulent altar of Gozag.
    39 | D        | Found a shimmering blue altar of Sif Muna.
    40 | D        | Found a blossoming altar of Fedhas.
    41 | D        | Found Ryrghucue's Do-It-Yourself Clinic.
    42 | D        | Found Mosomush's Bottled Wisdom.
    42 | D        | Found Poato's Distillery.
    43 | D        | Found a glowing silver altar of Zin.
    43 | D        | Found a shadowy altar of Dithmenos.
    43 | D        | Found a snail-covered altar of Cheibriados.
    43 | D        | Found Wausukk's Distillery.
    48 | D        | Became a worshipper of Sif Muna the Loreminder
    55 | D        | Found a burning altar of Makhleb.
    56 | D        | Found Ofer's Staff Store.
    57 | D        | Found a shimmering altar of Xom.
    57 | D        | Found Zukk's Magic Scroll Shop.
    57 | D        | Found Enepua's Must-Have Magic.
    57 | D        | Found Nacomiong's Magic Scroll Shop.
    77 | D        | Reached skill level 4 in Fire Magic
    83 | D        | Noticed a jelly
    85 | D        | Reached * piety under Sif Muna
    86 | D        | Reached XP level 2. HP: 17/17 MP: 2/5
    86 | D        | Arena points: 14 (+14) [x2]
    87 | D        | Reached skill level 5 in Fire Magic
    87 | D        | Reached XP level 3. HP: 21/21 MP: 2/7
   153 | D        | Round 2.
   158 | D        | Noticed Sigmund
   162 | D        | Killed Sigmund
   163 | D        | Reached skill level 5 in Stealth
   163 | D        | Reached skill level 5 in Spellcasting
   163 | D        | Reached skill level 8 in Fire Magic
   163 | D        | Reached XP level 4. HP: 27/27 MP: 10/11
   163 | D        | Reached XP level 5. HP: 31/31 MP: 10/12
   219 | D        | Reached ** piety under Sif Muna
   250 | D        | Noticed an ogre
   256 | D        | Killed an ogre
   257 | D        | Reached skill level 9 in Fire Magic
   257 | D        | Reached XP level 6. HP: 36/36 MP: 15/15
   296 | D        | Noticed Jessica
   302 | D        | Reached skill level 10 in Fire Magic
   303 | D        | Killed Jessica
   303 | D        | Reached *** piety under Sif Muna
   303 | D        | Arena points: 56 (+42) [x3]
   316 | D        | Bought a glittering marble ring for 45 gold pieces
   316 | D        | Identified the ring of Xusoirch {rF+ Dex+6 Stlth+} (You
                  | bought it in a shop in the Dungeon)
   316 | D        | Bought a coiled tin ring for 45 gold pieces
   316 | D        | Identified the ring "Justawan" {rElec rF+ Will- Int+4 SInv}
                  | (You bought it in a shop in the Dungeon)
   350 | D        | Round 3.
   375 | D        | Reached skill level 5 in Dodging
   375 | D        | Reached XP level 7. HP: 41/41 MP: 17/17
   393 | D        | Reached skill level 11 in Fire Magic
   407 | D        | Noticed a cane toad
   426 | D        | Learned a level 2 spell: Scorch
   430 | D        | Learned a level 3 spell: Inner Flame
   435 | D        | Learned a level 4 spell: Flame Wave
   447 | D        | Noticed a blink frog
   453 | D        | Killed a cane toad
   453 | D        | Reached **** piety under Sif Muna
   454 | D        | Reached skill level 5 in Conjurations
   454 | D        | Reached skill level 12 in Fire Magic
   454 | D        | Reached XP level 8. HP: 47/47 MP: 19/20
   455 | D        | Killed a blink frog
   455 | D        | Arena points: 140 (+84) [x4]
   472 | D        | Bought a twitching golden ring for 45 gold pieces
   472 | D        | Identified the ring "Zaorian" {rC+ rN+ Int-2 Dex+6} (You
                  | bought it in a shop in the Dungeon)
   472 | D        | Bought a scintillating marble ring for 45 gold pieces
   472 | D        | Identified the ring "Laegaff" {+Blink Will+ Str+2 Dex-5
                  | Stlth+} (You bought it in a shop in the Dungeon)
   495 | D        | Round 4.
   500 | D        | Reached skill level 1 in Fighting
   543 | D        | Reached ***** piety under Sif Muna
   562 | D        | Received a gift from Sif Muna
   566 | D        | Got Sif Muna's Volume of Charmed Aeromancy {god gift}
   573 | D        | Learned a level 4 spell: Airstrike
   575 | D        | Arena points: 300 (+160) [x5]
   590 | D        | Bought a vibrating glass ring for 45 gold pieces
   590 | D        | Identified the ring "Ahuxeigh" {rN++ Will+} (You bought it
                  | in a shop in the Dungeon)
   590 | D        | Bought a warped wooden ring for 45 gold pieces
   590 | D        | Identified the ring of Mefeapp {rF+ rN+ Dex+3} (You bought
                  | it in a shop in the Dungeon)
   617 | D        | Learned a level 6 spell: Plasma Beam
   645 | D        | Round 5.
   653 | D        | Noticed a witch
   661 | D        | Noticed an eight-headed hydra
   661 | D        | Killed a witch
   661 | D        | Arena points: 580 (+280) [x7]
   662 | D        | Reached skill level 10 in Spellcasting
   662 | D        | Reached XP level 9. HP: 57/57 MP: 17/23
   662 | D        | Got a decaying rune of Zot
   734 | D        | Bought 5 scrolls of blinking for 375 gold pieces
   734 | D        | Reached XP level 10. HP: 63/63 MP: 24/24
   859 | D        | Round 6.
   860 | D        | Noticed a wolf spider
   864 | D        | Killed a wolf spider
   865 | D        | Reached skill level 1 in Hexes
   865 | D        | Reached skill level 13 in Fire Magic
   877 | D        | Noticed a steelbarb worm
   878 | D        | Noticed a steelbarb worm
   885 | D        | Killed a steelbarb worm
   896 | D        | Killed a steelbarb worm
   896 | D        | Received a gift from Sif Muna
   896 | D        | HP: 1/65 [jumping spider (7)]
   897 | D        | Reached skill level 1 in Invocations
   900 | D        | Got Sif Muna's Simple Arcane Knowledge {god gift}
   908 | D        | Learned a level 4 spell: Summon Ice Beast
   915 | D        | Arena points: 964 (+384) [x8]
   916 | D        | Reached skill level 5 in Fighting
   922 | D        | Bought a translucent hat for 315 gold pieces
   922 | D        | Identified the +1 hat of the Mangosteen {Str+4} (You bought
                  | it in a shop in the Dungeon)
   941 | D        | Round 7.
   951 | D        | Noticed a naga mage
   958 | D        | Noticed a black mamba
   971 | D        | Killed from afar by a naga mage

Illustrated notes

Levels and vault maps discovered:
D:        arena_sprint

Skill      XL: |  1  2  3  4  5  6  7  8  9 10 |
---------------+-------------------------------+-----
Stealth        | 3 5 6 |  6.7
Fire Magic     | 4 5 8 9 10 12 13 | 13.6
Spellcasting   | 3 5 6 7 8 10 12 | 12.5
Dodging        | 4 5 6 |  6.0
Conjurations   | 2 3 4 5 7 8 |  8.0
Fighting       | 3 5 |  5.1
Air Magic      | 2 7 8 |  8.5
Hexes          | 1 |  1.0
Invocations    | 2 |  2.3
Summonings     | |  0.7
Evocations     | |  0.3

Action                     |  1- 3 |  4- 6 |  7- 9 | 10-12 || total
---------------------------+-------+-------+-------+-------++-------
  Melee: Tentacles         |     1 |       |     2 |       ||     3
         Unarmed           |     1 |       |       |       ||     1
         Halberd           |       |     1 |     5 |       ||     6
         Constrict         |       |     1 |     1 |       ||     2
   Cast: Foxfire           |    14 |    18 |    23 |     6 ||    61
         Scorch            |       |       |    12 |     9 ||    21
         Inner Flame       |       |       |     2 |     1 ||     3
         Flame Wave        |       |       |     1 |     4 ||     5
         Plasma Beam       |       |       |       |     4 ||     4
         Airstrike         |       |       |       |     3 ||     3
 Invoke: Channel Magic     |       |       |       |     1 ||     1
  Evoke: Wand              |       |       |       |     4 ||     4
    Use: Potion            |       |       |     1 |     2 ||     3
         Scroll            |       |       |       |     2 ||     2
 Armour: Skin              |       |       |       |     1 ||     1
  Dodge: Dodged            |       |     2 |     2 |    15 ||    19

Table legend: (Time is in decaauts)
 A = Elapsed time spent in this place.
 B = Non-inter-level travel time spent in this place.
 C = Inter-level travel time spent in this place.
 D = Time resting spent in this place.
 E = Time spent auto-exploring this place.
 F = Levels seen in this place.
 G = Mean time per level.
                   A        B        C        D        E       F      G
               +--------+--------+--------+--------+--------+-----+--------+
         Total |    968 |    968 |      0 |     41 |    141 |   1 |  968.0 |
       Dungeon |    968 |    968 |      0 |     41 |    141 |   1 |  968.0 |
               +--------+--------+--------+--------+--------+-----+--------+

Top non-repeatable levels by time:
       D: 968 daAuts
